 Dungeon Crawl Stone Soup version 0.28-a0-1142-gc8569940dd (webtiles) character file.

Game seed: 7096458519290218557

3667 LadyOphelia the Cleaver (level 9, -6/79 HPs)
             Began as a Green Draconian Berserker on Dec 13, 2021.
             Was an Elder of Trog.
             Killed from afar by Maurice (37 damage)
             ... with a bolt of acid
             ... on level 8 of the Dungeon on Dec 15, 2021.
             The game lasted 00:27:36 (10245 turns).

LadyOphelia the Cleaver (DrBe)                     Turns: 10245, Time: 00:27:36

Health: -6/79      AC:  6    Str: 24    XL:     9   Next: 89%
Magic:  9/9        EV: 18    Int:  8    God:    Trog [****..]
Gold:   350        SH:  0    Dex: 12    Spells: 8/8 levels left

rFire   . . .      SeeInvis .   a - +2 hand axe (drain)
rCold   . . .      Faith    .   (no shield)
rNeg    . . .      Spirit   .   (armour unavailable)
rPois   +          Reflect  .   (helmet restricted)
rElec   .          Harm     .   s - +2 cloak
rCorr   .          Rampage  .   (no gloves)
Will    .....                   (no boots)
Stlth   +++.......              c - amulet of the acrobat
HPRegen 0.23/turn               d - +4 ring of evasion
MPRegen 0.11/turn               B - ring "Zickis" {rPois Dex+2}

@: about to teleport, corroded
A: breathe noxious fumes, AC +7, unfitting armour, poison resistance,
cold-blooded
a: Breathe Noxious Fumes, Renounce Religion, Berserk, Trog's Hand, Brothers in
Arms


You were on level 8 of the Dungeon.
You worshipped Trog.
Trog was greatly pleased with you.
You visited 1 branch of the dungeon, and saw 8 of its levels.

You collected 350 gold pieces.

Inventory:

Hand Weapons
 a - a +2 hand axe of draining (weapon)
 r - a +4 short sword
 z - a +2 short sword of flaming
 F - a +4 antimagic dagger
Armour
 s - a +2 cloak (worn)
Jewellery
 c - an amulet of the acrobat (around neck)
 d - a +4 ring of evasion (left hand)
 g - an amulet of faith
 B - the ring "Zickis" (right hand) {rPois Dex+2}
   (You found it on level 6 of the Dungeon)

   [ring of poison resistance]

   Dex:       It affects your dexterity (+2).
   rPois:     It protects you from poison.
Wands
 D - a wand of iceblast (11)
Scrolls
 b - a scroll of fear
 i - a scroll of vulnerability
 j - 2 scrolls of holy word
 k - a scroll of torment {unknown}
 n - 2 scrolls of enchant armour
 o - 3 scrolls of fog
 q - a scroll of magic mapping {unknown}
 t - a scroll of noise {unknown}
 w - 2 scrolls of teleportation
 x - a scroll of immolation
 y - a scroll of blinking {unknown}
 A - a scroll of amnesia {unknown}
Potions
 e - 4 potions of curing
 f - 2 potions of invisibility
 h - a potion of brilliance {unknown}
 l - a potion of magic
 m - 2 potions of degeneration
 p - 4 potions of haste
 u - a potion of heal wounds {unknown}
 v - a potion of might {unknown}
 E - a potion of cancellation {unknown}


   Skills:
 + Level 7.1 Fighting
 + Level 4.9 Short Blades
 + Level 9.3 Axes
 + Level 6.4 Dodging
 + Level 4.8 Stealth
 + Level 0.1 Evocations


You had 8 spell levels left.
You didn't know any spells.
Your spell library was empty.

Dungeon Overview and Level Annotations

Branches:
Dungeon (8/15)             Temple (0/1) D:5
   Lair: D:8-11

Altars:
Ashenzari
Cheibriados
Dithmenos
Fedhas
Gozag
Hepliaklqana
Nemelex Xobeh
Okawaru
Qazlal
Sif Muna
Wu Jian

Annotations:
D:6 1 runed translucent door, Crazy Yiuf
D:8 Maurice


Innate Abilities, Weirdness & Mutations

You can breathe blasts of noxious fumes.
Your lurid green scales are hard. (AC +7)
You cannot fit into any form of body armour.
Your system is resistant to poisons. (rPois)
You are cold-blooded and may be slowed by cold attacks.


Message History

Maurice suddenly seems more resistant.
The centaur zombie completely misses you.
The centaur zombie kicks you but does no damage.
You hit Maurice.
Maurice is lightly wounded.
You hit the centaur zombie.
The centaur zombie hits you but does no damage.
The centaur zombie completely misses you.
Maurice mumbles some strange words.
Maurice blinks!
You hit the centaur zombie but do no damage.
You tail-slap the centaur zombie.
The centaur zombie is moderately damaged.
The centaur zombie hits you. The centaur zombie closely misses you.
You hit the centaur zombie.
The centaur zombie is moderately damaged.
The centaur zombie hits you but does no damage.
The centaur zombie closely misses you.
You hit the centaur zombie. You tail-slap the centaur zombie.
The centaur zombie is heavily damaged.
The centaur zombie barely misses you. The centaur zombie misses you.
The centaur zombie hits you but does no damage.
The centaur zombie kicks you but does no damage.
You hit the centaur zombie.
You tail-slap the centaur zombie, but do no damage.
The centaur zombie is severely damaged.
Maurice gestures wildly while chanting.
Maurice puts on a burst of speed!
The centaur zombie closely misses you. The centaur zombie barely misses you.
You slash the centaur zombie!
The centaur zombie is almost destroyed.
The centaur zombie misses you. The centaur zombie closely misses you.
You slash the centaur zombie!
You destroy the centaur zombie!
Trog accepts your kill.
Maurice zaps a wand.
The bolt of acid hits you!!
Maurice zaps a wand.
The bolt of acid hits you!! The acid corrodes you!
As you read the scroll of teleportation, it crumbles to dust.
You feel strangely unstable.
Maurice zaps a wand.
The bolt of acid hits you!!!
You die...

#.≈. ≈..# ##≈≈≈
.≈.# ##.§≈≈§≈..#
...≈≈.§§. #.##
#§.P§§. #...
#..§§§ ####
#'###########.####
###
#.................
...
#@####......##.###
..# #.# . # #####
#.# #@# .. #...#
#.# #.# ###.##
#...# #.# #.#
+.....
#...#######.###.#
#....
#...#...........#
#....
#...#.#####.#####
#....
#...'.......#
#....


You could see Maurice (swift, resistant).

Vanquished Creatures
  A two-headed ogre (D:8)
  Pikel (D:6)
  Prince Ribbit (D:7)
  A steam dragon (D:8)
  Menkaure (D:7)
  2 orc warriors (D:7)
  A sky beast (D:5)
  A black bear (D:4)
  2 ogres
  A hornet zombie (D:8)
  A necrophage (D:7)
  A centaur (D:6)
  2 phantoms
  A gnoll sergeant (D:8)
  Blork the orc (D:6)
  3 scorpions
  A wight (D:8)
  A centaur zombie (D:8)
  2 hounds
  A centaur skeleton (D:6)
  A bullfrog skeleton (D:6)
  3 orc priests
  A gnoll shaman (D:8)
  4 iguanas
  8 orc wizards
  A killer bee zombie (D:8)
  11 gnolls
  9 adders
  A white imp (D:6)
  An ufetubus (D:5)
  A worm (D:2)
  3 dart slugs
  26 orcs
  8 endoplasms
  7 giant cockroaches
  7 goblins
  14 hobgoblins
  4 jackals
  12 kobolds
  5 quokkas
  8 ball pythons
  4 bats
  3 frilled lizards
  5 rats
173 creatures vanquished.

Vanquished Creatures (others)
  2 fungi (D:6)
2 creatures vanquished.

Grand Total: 175 creatures vanquished

Notes
Turn   | Place    | Note
-------+----------+-------------------------------------------
     0 | D:1      | LadyOphelia the Draconian Berserker began the quest for the
                  | Orb.
     0 | D:1      | Reached XP level 1. HP: 19/19 MP: 1/1
   243 | D:1      | Reached XP level 2. HP: 20/26 MP: 2/2
  1132 | D:1      | Noticed an eye of devastation
  1134 | D:1      | Found a faded altar of an unknown god.
  1140 | D:1      | Noticed a golden eye
  1159 | D:1      | Noticed a golden eye
  1159 | D:1      | Noticed an eye of devastation
  1253 | D:1      | Reached ** piety under Trog
  1254 | D:1      | Reached XP level 3. HP: 27/31 MP: 3/3
  2482 | D:2      | Reached skill level 1 in Stealth
  2482 | D:2      | Reached XP level 4. HP: 13/40 MP: 4/4
  3301 | D:3      | Found a blossoming altar of Fedhas.
  3388 | D:3      | Noticed an ogre
  3407 | D:3      | Killed an ogre
  3408 | D:3      | Reached skill level 4 in Axes
  3408 | D:3      | Reached XP level 5. HP: 35/46 MP: 5/5
  3763 | D:3      | Reached *** piety under Trog
  4227 | D:4      | Reached XP level 6. HP: 41/52 MP: 6/6
  4311 | D:4      | Reached skill level 5 in Axes
  5158 | D:5      | Entered Level 5 of the Dungeon
  5167 | D:5      | Your scales start taking on a lurid green colour.
  5167 | D:5      | Reached XP level 7. HP: 33/60 MP: 7/7
  5167 | D:5      | Gained mutation: Your system is resistant to poisons.
                  | (rPois) [Green Draconian growth]
  5357 | D:5      | Reached skill level 6 in Axes
  5614 | D:5      | Found a sparkling altar of Nemelex Xobeh.
  5824 | D:5      | Found a staircase to the Ecumenical Temple.
  6138 | D:5      | Reached skill level 5 in Fighting
  6708 | D:6      | Reached skill level 7 in Axes
  6708 | D:6      | Reached XP level 8. HP: 68/68 MP: 8/8
  6897 | D:6      | Reached skill level 5 in Dodging
  6912 | D:6      | Identified the ring "Zickis" {rPois Dex+2}
  6922 | D:6      | Noticed Blork the orc
  6929 | D:6      | Reached **** piety under Trog
  6933 | D:6      | Killed Blork the orc
  7374 | D:6      | Noticed Pikel
  7402 | D:6      | Killed Pikel
  7403 | D:6      | Reached skill level 1 in Short Blades
  7403 | D:6      | Reached skill level 8 in Axes
  7741 | D:6      | Found a runed translucent door.
  7742 | D:6      | Noticed Crazy Yiuf
  7960 | D:7      | Reached XP level 9. HP: 75/75 MP: 9/9
  8061 | D:7      | Found a broken altar of Ashenzari.
  8759 | D:7      | Noticed Menkaure
  9193 | D:7      | Found a shimmering blue altar of Sif Muna.
  9194 | D:7      | Found a stormy altar of Qazlal.
  9196 | D:7      | Found an opulent altar of Gozag.
  9196 | D:7      | Noticed Prince Ribbit
  9205 | D:7      | Found a hazy altar of Hepliaklqana.
  9213 | D:7      | Found a snail-covered altar of Cheibriados.
  9213 | D:7      | Found an iron altar of Okawaru.
  9220 | D:7      | Killed Prince Ribbit
  9226 | D:7      | Found an ornate altar of the Wu Jian Council.
  9227 | D:7      | Found a shadowy altar of Dithmenos.
  9260 | D:7      | Killed Menkaure
 10097 | D:8      | Noticed a two-headed ogre
 10110 | D:8      | Killed a two-headed ogre
 10111 | D:8      | Reached skill level 9 in Axes
 10232 | D:8      | Noticed Maurice
 10245 | D:8      | Killed from afar by Maurice

Illustrated notes

Levels and vault maps discovered:
D:1:      shiori_arrival_oz, layout_basic,
          hellmonk_ecumenical_altar_watching_god, nrook_mini_vaults
D:2:      layout_loops_ring
D:3:      layout_basic, mainiacjoe_overflow_boulevard, grunt_decor_mini_mirrors,
          st_stairs_10, minmay_starry_boxes
D:4:      layout_gridville, grunt_decor_resistance
D:5:      layout_layer_cave, mainiacjoe_overflow_alcove_2,
          minmay_temple_entry_arrows, fountainhead
D:6:      layout_basic, uniq_pikel, uniq_crazy_yiuf_cottage, uniq_blork_the_orc
D:7:      layout_cave_pods, kennysheep_little_box, minitemple,
          uniq_prince_ribbit1, uniq_menkaure
D:8:      layout_basic, serial_undead, serial_undead_c, serial_undead_f,
          serial_undead_d, serial_undead_e, uniq_maurice, uniq_grum

Skill      XL: |  1  2  3  4  5  6  7  8  9 |
---------------+----------------------------+-----
Dodging        | 3 4 5 6 |  6.4
Stealth        | 1 2 3 4 |  4.8
Fighting       | 4 5 6 7 |  7.1
Axes           | 4 5 7 8 9 |  9.3
Short Blades   | 1 4 |  4.9
Evocations     | |  0.1

Action                   |  1- 3 |  4- 6 |  7- 9 || total
-------------------------+-------+-------+-------++-------
Melee: Hand axe          |   147 |   176 |   257 ||   580
       Tailslap          |    24 |    17 |    70 ||   111
       Short sword       |       |       |   106 ||   106
Invok: Berserk           |     1 |     1 |     3 ||     5
Evoke: Wand              |       |       |     1 ||     1
  Use: Scroll            |       |     5 |    12 ||    17
       Potion            |       |       |     2 ||     2
 Stab: Sleeping          |     1 |     4 |     2 ||     7
       Distracted        |       |     1 |       ||     1
Armor: Skin              |    32 |    30 |    65 ||   127
Dodge: Dodged            |   104 |   157 |   260 ||   521

Table legend: (Time is in decaauts)
 A = Elapsed time spent in this place.
 B = Non-inter-level travel time spent in this place.
 C = Inter-level travel time spent in this place.
 D = Time resting spent in this place.
 E = Time spent auto-exploring this place.
 F = Levels seen in this place.
 G = Mean time per level.
                   A        B        C        D        E       F      G
               +--------+--------+--------+--------+--------+-----+--------+
         Total |  10307 |  10079 |    228 |   3306 |   4540 |   8 | 1288.4 |
       Dungeon |  10307 |  10079 |    228 |   3306 |   4540 |   8 | 1288.4 |
               +--------+--------+--------+--------+--------+-----+--------+

Top non-repeatable levels by time:
     D:7: 1869 daAuts
     D:1: 1796 daAuts
     D:5: 1416 daAuts
     D:2: 1383 daAuts
     D:6: 1201 daAuts
     D:4: 1047 daAuts
     D:3: 980 daAuts
     D:8: 611 daAuts
